 Dungeon Crawl Stone Soup version 0.15-a0-198-g2f4809b (webtiles) character file.

6424 PolkaDot the Summoner (level 10, 0/63 HPs)
             Began as a Vampire Summoner on Apr 23, 2014.
             Was a Believer of Sif Muna.
             Slain by an unseen horror (6 damage)
             ... on Level 10 of the Dungeon.
             The game lasted 01:04:15 (9232 turns).

PolkaDot the Summoner (Vampire Summoner)            Turns: 9232, Time: 01:04:15

HP   0/63        AC  4     Str  8      XL: 10   Next: 61%
MP  11/25        EV 13     Int 23      God: Sif Muna [**....]
Gold 230         SH  0     Dex 14      Spells:  4 memorised,  1 level left

rFire  . . .     SeeInvis +     s - +6,+1 halberd (slay drac)
rCold  . . .     Clarity  +     z - +0 robe {rN+}
rNeg   + . .     Conserve .     (no shield)
rPois  .         rCorr    .     p - +0 helmet
rElec  .         rRot     .     k - +0 cloak
SustAb . .       Spirit   .     (no gloves)
rMut   .         Warding  .     (no boots)
Saprov . . .     Stasis   .     G - amulet of clarity
MR     +....                    u - ring of magical power
                                c - +4 ring of intelligence

@: regenerating very quickly, somewhat resistant to hostile enchantments,
stealthy
A: bottle blood, fangs 3, see invisible, unbreathing
a: Bottle Blood, Channel Energy, Forget Spell, Renounce Religion


You were on level 10 of the Dungeon.
You worshipped Sif Muna.
Sif Muna was pleased with you.
You were almost alive.

You visited 2 branches of the dungeon, and saw 11 of its levels.

You collected 522 gold pieces.
You spent 292 gold pieces at shops.

Inventory:

Hand weapons
 s - a +6,+1 halberd of dragon slaying (weapon)
Armour
 k - a +0 cloak (worn)
 p - a +0 helmet (worn)
 z - a +0 robe of positive energy (worn)
Magical devices
 l - a wand of frost (13)
 t - a wand of flame (17)
 y - a wand of teleportation (7)
 B - a wand of digging (9)
Scrolls
 e - a scroll of remove curse
 j - 4 scrolls of teleportation
 E - 2 scrolls of magic mapping
Jewellery
 a - an uncursed amulet of warding
 c - a +4 ring of intelligence (left hand)
 m - a +5 ring of evasion
 u - a ring of magical power (right hand)
 A - an uncursed ring of positive energy
 G - an amulet of clarity (around neck)
Potions
 f - a potion of flight
 g - 2 potions of brilliance
 h - 3 potions of might
 i - a potion of resistance
 n - a potion of invisibility
 q - 22 potions of blood {@w2}
 v - a potion of lignification
 w - 2 potions of agility
 x - a potion of magic
Books
 b - a book of Callings

   Spells                             Type                      Level
   *Summon Small Mammal               Summoning                    1
   Call Imp                           Summoning                    2
   *Call Canine Familiar              Summoning                    3
   Summon Guardian Golem              Hexes/Summoning              4
   *Summon Lightning Spire            Summoning/Air                4
   *Summon Ice Beast                  Ice/Summoning                4


   Skills:
 + Level 8.0 Polearms
 - Level 3.4 Dodging
 - Level 3.0 Stealth
 - Level 2.0 Spellcasting
 + Level 12.8 Summonings
 * Level 4.1 Ice Magic


You had one spell level left.
You knew the following spells:

 Your Spells              Type           Power        Failure   Level  Hunger
a - Summon Small Mammal   Summ           ####         1%          1    #......
d - Call Canine Familiar  Summ           ######..     1%          3    ###....
s - Summon Ice Beast      Ice/Summ       #####...     6%          4    #####..
S - Summon Lightning Spi  Summ/Air       ####....     12%         4    #####..


Dungeon Overview and Level Annotations

Branches:
Dungeon (10/15)            Temple (1/1) D:7
    Orc: D:9-12        Lair: D:8-11

Altars:
Fedhas
Nemelex Xobeh
Okawaru
Sif Muna
Trog
Xom
Yredelemnul
Zin

Shops:
D:4 (((*!


Innate Abilities, Weirdness & Mutations

Your natural rate of healing is extremely fast.
You can bottle blood from corpses.
You have razor-sharp teeth.*
You have supernaturally acute eyesight.
You can survive without breathing.*


Message History

The unseen horror hits your ice beast! The unseen horror hits your ice beast!
Your wolf closely misses the unseen horror.
The unseen horror misses your ice beast.
The unseen horror hits your ice beast but does no damage.
Your wolf closely misses the unseen horror.
Your wolf bites the unseen horror.
Your ice beast barely misses the unseen horror.
The unseen horror hits your ice beast! Something hits your wolf.
Drink which item? (? for menu, Esc to quit)
Okay, then.
Read which item? (? for menu, Esc to quit)
Okay, then.
Drink which item? (? for menu, Esc to quit)
Okay, then.
Read which item? (? for menu, Esc to quit)
Okay, then.
The unseen horror hits you.
You die...

###..................# ##
#.#.#)###.##..#.#..#### #
#.....###z##..#.......# #
###..))##.##.......##.# #
#)##)##.##..###.###.##
#....##.##......##...##
##.###.Ih#.....###.###.##
#.#...#..I.....##.#...#.#
#.#.>.#.#I..x@..%.#.>.#.#
##.#...#.........#.#...#.#
#...###.#.#.....###.###.##
#.#....##(#.##### ##....#
#.#....##.#.###########.#
#.#.##.##.#....##.......#
##.........#.###.#.#######
#...........#...#..#
#.##.#..###.#.>.#..#


You could see an unseen horror (invisible), 3 friendly ice beasts and a friendly
wolf.

Vanquished Creatures
  Pikel (D:7)
  2 trolls
  A two-headed ogre (D:9)
  A yak (D:9)
  A wyvern (D:10)
  An ice beast (D:8)
  4 phantoms
  A sky beast (D:9)
  5 ogres
  3 centaurs
  6 giant frogs
  4 killer bees
  2 wights (D:8)
  3 goliath beetles
  Dowan (D:6)
  2 crimson imps
  2 hounds
  An orc priest (D:10)
  A giant frog skeleton (D:8)
  3 orc wizards
  A black bear skeleton (D:9)
  2 iguanas
  2 worker ants
  A killer bee zombie (D:6)
  8 adders
  An orc skeleton (D:8)
  A giant mite (D:2)
  6 worms
  An inept feature mimic (D:6)
  An adder zombie (D:5)
  2 adder skeletons
  An iguana zombie (D:8)
  2 giant eyeballs (D:6)
  2 giant geckos
  An ooze (D:3)
  14 orcs
  14 bats
  13 goblins
  16 hobgoblins
  12 jackals
  15 kobolds
  5 quokkas
  2 ball pythons
  3 giant cockroaches
  5 giant newts
  3 giant spores
  16 rats
  A ballistomycete (D:7)
  A bush (D:8)
197 creatures vanquished.

Vanquished Creatures (collateral kills)
  The ghost of nago the Frost Mage, an experienced VSIE of Vehumet (D:9)
  9 yaks (D:9)
  A hippogriff (D:9)
  A hill giant skeleton (D:10)
  4 necrophages (D:8)
  A black bear (D:9)
  2 orc warriors
  2 sky beasts
  2 slaves (D:7)
  3 centaurs
  A phantom (D:9)
  2 ogres (D:9)
  Duvessa (D:6)
  A giant frog (D:7)
  2 gnoll sergeants
  A troll zombie (D:8)
  A scorpion (D:8)
  6 killer bees
  A hippogriff zombie (D:10)
  A wight (D:8)
  3 crimson imps
  A hound (D:8)
  An orc priest (D:7)
  A jelly (D:8)
  An orc wizard (D:7)
  A big kobold zombie (D:8)
  3 mummies
  A worker ant zombie (D:9)
  8 gnolls
  A worm (D:9)
  An adder (D:9)
  10 orcs
  4 hobgoblins
  7 kobolds
  4 goblins
  2 rats
  2 ballistomycetes
94 creatures vanquished.

Vanquished Creatures (others)
  11 wolves
  A warg (D:10)
  A slave (D:7)
  5 ice beasts
  2 orc wizards (D:7)
  2 hounds
  2 lightning spires
  A bat (D:1)
  A quokka (D:7)
  2 plants (D:8)
28 creatures vanquished.

Grand Total: 319 creatures vanquished

Notes
Turn   | Place    | Note
--------------------------------------------------------------
     0 | D:1      | PolkaDot, the Vampire Summoner, began the quest for the Orb.
     0 | D:1      | Reached XP level 1. HP: 13/13 MP: 3/3
   179 | D:1      | Reached XP level 2. HP: 19/19 MP: 4/4
  1146 | D:2      | Reached XP level 3. HP: 21/24 MP: 6/6
  1155 | D:2      | Learned a level 3 spell: Call Canine Familiar
  1808 | D:3      | Reached skill level 5 in Summonings
  1922 | D:3      | Reached XP level 4. HP: 25/30 MP: 7/7
  2547 | D:4      | Found Gruuluy's Antique Weapon Emporium.
  2554 | D:4      | Bought an encrusted scythe for 184 gold pieces
  2555 | D:4      | Identified the +7,+9 scythe "Pnilepp" {pain, rF+ rC+ MR+ Int+2} (You bought it in a shop on level 4 of the Dungeon)
  2610 | D:4      | Noticed a giant frog
  2619 | D:4      | Killed a giant frog
  2619 | D:4      | Reached skill level 1 in Polearms
  2619 | D:4      | Reached XP level 5. HP: 22/35 MP: 9/9
  2685 | D:4      | Found Twuefav's Weapon Boutique.
  2829 | D:4      | Found Shrowu's Distillery.
  2849 | D:4      | Found Tefolofi's General Store.
  2995 | D:4      | Learned a level 4 spell: Summon Ice Beast
  3068 | D:4      | Found Sutzaaju's Weapon Boutique.
  3108 | D:5      | Entered Level 5 of the Dungeon
  3210 | D:5      | Noticed a phantom
  3231 | D:5      | Killed a phantom
  3231 | D:5      | Reached skill level 6 in Summonings
  3387 | D:5      | Reached XP level 6. HP: 41/41 MP: 10/10
  4083 | D:6      | Reached skill level 7 in Summonings
  4121 | D:6      | Reached XP level 7. HP: 40/46 MP: 12/12
  4287 | D:6      | Noticed Duvessa
  4287 | D:6      | Noticed Dowan
  4299 | D:6      | Killed Duvessa
  4302 | D:6      | Killed Dowan
  4394 | D:6      | Found a sparkling altar of Nemelex Xobeh.
  4431 | D:6      | Paralysed by a giant eyeball for 3 turns
  4435 | D:6      | Paralysed by a giant eyeball for 3 turns
  4655 | D:6      | Reached skill level 8 in Summonings
  4762 | D:6      | Reached XP level 8. HP: 44/52 MP: 13/13
  4890 | D:6      | Found a basalt altar of Yredelemnul.
  5121 | D:6      | Reached skill level 9 in Summonings
  5275 | D:7      | Reached skill level 5 in Polearms
  5449 | D:7      | Reached skill level 10 in Summonings
  5507 | D:7      | Found a staircase to the Ecumenical Temple.
  5523 | Temple   | Entered the Ecumenical Temple
  5548 | Temple   | Became a worshipper of Sif Muna the Loreminder
  5728 | D:7      | Noticed Pikel
  5738 | D:7      | Killed Pikel
  5738 | D:7      | Reached XP level 9. HP: 57/57 MP: 5/14
  6123 | D:7      | HP: 2/57 [orc warrior/battleaxe (22)]
  6406 | D:8      | Reached skill level 11 in Summonings
  6508 | D:8      | Found a blossoming altar of Fedhas.
  6627 | D:8      | Acquired Sif Muna's first power
  6700 | D:8      | Found a bloodstained altar of Trog.
  6971 | D:4      | Bought a +4,+0 halberd of dragon slaying for 108 gold pieces
  7324 | D:8      | Learned a level 4 spell: Summon Lightning Spire
  7465 | D:9      | Reached skill level 12 in Summonings
  7576 | D:9      | HP: 2/57 [hippogriff (7)]
  7654 | D:9      | Reached XP level 10. HP: 35/63 MP: 16/16
  7690 | D:9      | Noticed nago's ghost (experienced VSIE)
  7702 | D:9      | Killed nago's ghost
  7702 | D:9      | Acquired Sif Muna's second power
  7765 | D:9      | Reached skill level 1 in Ice Magic
  8336 | D:10     | Entered Level 10 of the Dungeon
  8408 | D:10     | HP: 3/63 [poisoned by a killer bee]
  8414 | D:10     | HP: 3/63 [poisoned by a killer bee]
  8422 | D:10     | HP: 2/63 [poisoned by a killer bee]
  8430 | D:10     | HP: 3/63 [poisoned by a killer bee]
  8733 | D:10     | Noticed an unseen horror
  9226 | D:10     | HP: 3/63 [unseen horror (10)]
  9232 | D:10     | Slain by an unseen horror

Action                   |  1- 3 |  4- 6 |  7- 9 | 10-12 || total
-------------------------+-------+-------+-------+-------++-------
Melee: Dagger            |   140 |    36 |       |       ||   176
       Club              |     3 |       |       |       ||     3
       Scythe            |       |   111 |   219 |       ||   330
       Halberd           |       |       |    73 |   208 ||   281
Throw: Dart              |       |     6 |    17 |       ||    23
 Cast: Summon Small Mamm |     7 |     4 |     1 |       ||    12
       Call Canine Famil |       |     5 |    18 |     9 ||    32
       Summon Ice Beast  |       |     1 |    23 |    16 ||    40
       Summon Lightning  |       |       |     4 |     4 ||     8
 Abil: Bottle Blood      |       |       |    31 |    16 ||    47
Evoke: Wand              |       |       |     2 |       ||     2
  Use: Potion            |     1 |       |    25 |    16 ||    42
       Scroll            |     5 |     6 |    12 |     5 ||    28
 Stab: Sleeping          |     5 |     8 |    10 |     5 ||    28
       Distracted        |       |       |     3 |     4 ||     7
       Betrayed ally     |       |       |       |     1 ||     1
